Map: Triton LE

Players

TSGSolar (Solar) - Winner!

  • Race: Zerg Zerg
  • League: Master
  • Spawn Location: 11:00

Armani

  • Race: Zerg Zerg
  • League: Grandmaster
  • Spawn Location: 5:00

VOD

Have the link to the VOD?

Description

Time

  • Played on: Jan. 9, 2020, 7:25 a.m.
  • Length: 11:06
Show
View Real Time Build Order
Export as new Build Order

TSGSolar Zerg - Winner!

Build Orders: Hatch First 

Get SALT Encoding   

  12  0:02  Drone  
  13  0:13  Overlord  
  13  0:17  Drone  
  14  0:31  Drone x2  
  16  0:47  Hatchery  
  15  0:51  Drone  
  15  0:54  Drone  
  17  0:57  Drone  
  18  1:08  Extractor  
  17  1:13  Spawning Pool  
  17  1:15  Drone  
  17  1:18  Drone  
  18  1:29  Drone  
  19  1:40  Drone  
  20  1:51  Drone  
  21  1:59  Queen x2  
  21  2:01  Zergling x2, Overlord  
  26  2:08  Metabolic Boost  
  26  2:10  Drone  
  26  2:11  Drone  
  28  2:21  Drone  
  30  2:22  Drone  
  30  2:34  Hatchery  
  29  2:37  Drone  
  29  2:40  Drone  
  31  2:44  Queen  
  33  2:52  Baneling Nest  
  33  2:54  Overlord  
  33  2:57  Drone  
  33  3:00  Drone  
  33  3:01  Drone  
  35  3:05  Zergling x2  
  36  3:13  Zergling x2, Drone  
  36  3:14  Drone x2  
  36  3:15  Drone  
  36  3:17  Zergling x2  
  36  3:19  Drone  
  43  3:23  Evolution Chamber  
  43  3:26  Overlord  
  42  3:28  Zergling x2  
  42  3:33  Drone  
  43  3:45  Drone x3  
  43  3:46  Drone x3  
  49  3:49  Zerg Missile Weapons Level 1  
  49  3:53  Drone x2, Overlord  
  49  3:55  Drone  
  52  4:00  Roach Warren  
  52  4:02  Drone  
  52  4:04  Zergling x2  
  52  4:06  Drone  
  53  4:11  Drone x3  
  53  4:13  Drone x2  
  58  4:18  Lair  
  58  4:20  Drone  
  58  4:21  Extractor, Drone  
  58  4:22  Extractor  
  58  4:24  Overlord  
  58  4:26  Drone  
  58  4:27  Drone  
  60  4:32  Zergling x2  
  60  4:33  Zergling x2  
  60  4:34  Drone x3  
  60  4:37  Extractor, Overlord  
  64  4:40  Baneling  
  64  4:42  Drone x3  
  64  4:43  Drone  
  64  4:45  Drone  
  69  4:46  Pneumatized Carapace  
  69  4:49  Drone  
  69  4:50  Extractor  
  69  4:51  Overlord  
  69  4:54  Overlord  
  69  4:57  Drone x2  
  71  5:03  Overlord  
  71  5:04  Drone x2  
  72  5:07  Roach  
  72  5:08  Roach x2  
  72  5:12  Overlord  
  72  5:13  Roach  
  80  5:16  Glial Reconstitution, Overseer x2  
  80  5:19  Drone x2  
  80  5:20  Extractor, Drone  
  82  5:25  Drone x3  
  82  5:27  Overlord  
  85  5:29  Overlord  
  85  5:30  Drone  
  85  5:32  Roach, Baneling  
  85  5:35  Overlord  
  88  5:37  Roach  
  88  5:40  Baneling x2  
  88  5:42  Roach x2  
  94  5:45  Roach x2  
  97  5:56  Roach x3, Overlord  
  103  5:57  Drone x2  
  103  6:07  Queen  
  103  6:09  Zergling x12  
  108  6:13  Spire  
  108  6:17  Queen  
  108  6:18  Drone  
  106  6:19  Drone  
  106  6:21  Drone  
  106  6:24  Spore Crawler  
  106  6:29  Drone  
  106  6:30  Drone x2  
  109  6:33  Spore Crawler  
  109  6:39  Drone x2  
  110  6:41  Spore Crawler x2  
  110  6:43  Queen  
  110  6:44  Overlord  
  106  6:48  Overlord  
  106  6:50  Drone  
  107  7:00  Overlord  
  107  7:02  Overlord  
  107  7:05  Drone  
  107  7:07  Overlord  
  108  7:09  Drone  
  108  7:10  Spore Crawler  
  108  7:20  Drone  
  109  7:23  Overlord  
  109  7:25  Overlord  
  109  7:26  Corruptor  
  109  7:27  Corruptor x7  
  125  7:31  Corruptor  
  125  7:36  Corruptor  
  127  7:39  Corruptor  
  127  7:43  Drone x2  
  127  7:44  Corruptor  
  127  7:46  Extractor  
  127  7:50  Corruptor  
  123  7:59  Corruptor x3  
  123  8:04  Corruptor  
  129  8:09  Extractor  
  129  8:10  Roach x2  
  129  8:11  Roach x2  
  132  8:16  Roach x3  
  131  8:24  Drone x3  
  131  8:29  Corruptor  
  131  8:33  Queen  
  133  8:36  Queen  
  133  8:40  Corruptor  
  137  8:45  Roach x3  
  137  8:48  Overlord  
  143  8:52  Zerg Flyer Armor Level 1  
  143  8:56  Corruptor  
  145  9:04  Corruptor  
  145  9:05  Overlord  
  145  9:06  Overlord  
  147  9:10  Corruptor  
  147  9:15  Roach x3  
  155  9:20  Roach x2  
  155  9:21  Roach  
  161  9:25  Corruptor  
  161  9:28  Overlord  
  163  9:31  Corruptor  
  163  9:37  Corruptor  
  167  9:42  Roach x2  
  167  9:43  Roach  
  173  9:46  Roach x2  
  173  9:49  Roach x2  
  181  9:53  Roach  
  181  9:56  Roach  
  181  9:59  Roach x2  
  183  10:01  Roach  
  183  10:03  Roach  
  183  10:04  Roach  
  173  10:09  Roach  
  173  10:12  Roach  
  157  10:15  Roach  
  157  10:17  Roach  
  143  10:21  Roach  
  143  10:23  Roach  
  139  10:28  Roach  
  139  10:31  Roach x2  
  139  10:35  Roach  
  143  10:37  Roach  
  143  10:39  Roach  
  143  10:41  Roach  
  125  10:45  Roach  
  117  10:56  Ravager  
Show
View Real Time Build Order
Export as new Build Order

Armani Zerg 

Build Orders: Hatch First 

Get SALT Encoding   

  12  0:00  Drone  
  13  0:13  Overlord  
  13  0:17  Drone  
  14  0:31  Drone  
  14  0:33  Drone  
  16  0:49  Hatchery  
  15  0:52  Drone  
  15  0:56  Drone  
  17  0:58  Drone  
  18  1:10  Extractor  
  17  1:14  Spawning Pool  
  17  1:17  Drone  
  17  1:21  Drone  
  18  1:29  Drone  
  19  1:39  Drone  
  20  1:50  Overlord  
  20  2:01  Queen x2  
  22  2:02  Drone  
  22  2:07  Drone  
  26  2:11  Metabolic Boost  
  26  2:13  Drone  
  26  2:14  Drone  
  28  2:23  Zergling x2  
  28  2:25  Drone  
  30  2:36  Hatchery  
  29  2:39  Drone x2  
  31  2:48  Baneling Nest  
  31  2:50  Drone  
  31  2:54  Queen  
  33  2:58  Drone  
  33  3:03  Evolution Chamber  
  33  3:05  Overlord  
  33  3:07  Drone  
  34  3:14  Zergling x4  
  36  3:26  Drone x6  
  42  3:30  Zerg Melee Weapons Level 1  
  42  3:34  Overlord  
  42  3:37  Drone  
  42  3:45  Zergling x2, Extractor  
  42  3:47  Drone  
  43  3:49  Drone x3  
  43  3:52  Drone  
  47  3:57  Zergling x2  
  47  4:00  Lair, Drone  
  49  4:03  Drone x2  
  51  4:10  Roach Warren  
  51  4:11  Drone  
  51  4:12  Drone  
  51  4:13  Drone  
  54  4:17  Drone x2  
  54  4:20  Baneling  
  54  4:22  Drone x3  
  58  4:26  Extractor x2  
  58  4:28  Overlord  
  58  4:30  Overlord  
  58  4:31  Drone  
  56  4:32  Drone  
  57  4:41  Overlord  
  57  4:47  Drone x8  
  57  4:50  Overlord  
  65  4:58  Spire  
  64  5:06  Zergling x10  
  69  5:08  Drone  
  69  5:11  Overseer  
  69  5:12  Extractor  
  69  5:13  Overseer, Extractor  
  68  5:14  Zergling x8  
  68  5:17  Zergling x6  
  75  5:24  Overlord  
  75  5:28  Zergling x2  
  75  5:29  Zergling x10  
  75  5:33  Overlord  
  81  5:37  Baneling x2  
  81  5:38  Baneling  
  81  5:41  Overlord  
  68  6:00  Zergling x22  
  76  6:12  Mutalisk x3  
  76  6:15  Zerg Flyer Weapons Level 1  
  76  6:18  Mutalisk x3  
  84  6:26  Mutalisk x4  
  84  6:31  Mutalisk  
  93  6:35  Drone x7  
  93  6:39  Mutalisk  
  98  6:47  Mutalisk  
  98  6:51  Drone x2  
  101  6:55  Zerg Melee Weapons Level 2  
  101  6:57  Zergling x2  
  101  6:58  Zergling x12  
  108  7:01  Overlord  
  108  7:03  Overlord  
  108  7:15  Hatchery  
  107  7:17  Drone x4  
  111  7:22  Mutalisk, Infestation Pit  
  111  7:23  Mutalisk  
  111  7:25  Baneling  
  111  7:26  Baneling x3  
  114  7:31  Mutalisk  
  114  7:32  Mutalisk  
  114  7:33  Zergling x6  
  114  7:34  Zergling x2  
  120  7:50  Mutalisk  
  120  7:51  Mutalisk x2  
  120  7:54  Zergling x12  
  120  7:56  Overlord  
  120  7:57  Overlord  
  120  7:58  Overlord  
  130  7:59  Overlord  
  130  8:01  Overlord  
  126  8:09  Mutalisk x3  
  118  8:17  Mutalisk x2  
  119  8:23  Zergling x6  
  116  8:30  Mutalisk  
  116  8:31  Mutalisk  
  116  8:34  Zergling x20  
  127  8:37  Drone, Queen  
  127  8:41  Corruptor  
  130  8:47  Extractor x2  
  130  8:49  Corruptor x2  
  130  8:51  Drone x2  
  136  8:56  Spore Crawler x2  
  136  8:59  Spore Crawler  
  136  9:02  Corruptor  
  135  9:05  Drone x3  
  135  9:08  Corruptor  
  140  9:12  Corruptor, Spore Crawler  
  141  9:19  Hive  
  141  9:20  Drone x2  
  141  9:23  Corruptor  
  145  9:32  Corruptor x2  
  149  9:39  Zergling x10  
  149  9:40  Drone  
  149  9:41  Drone  
  149  9:42  Drone  
  156  9:48  Corruptor  
  156  9:49  Corruptor  
  158  10:00  Mutalisk  
  158  10:01  Mutalisk x3  
  147  10:12  Zergling x20  
  147  10:13  Zergling x2  
  137  10:17  Mutalisk x2  
  127  10:26  Mutalisk x3  
  124  10:31  Zergling x2  
  124  10:32  Zergling x14  
  127  10:40  Mutalisk  
  127  10:41  Mutalisk x2  
  115  10:44  Zergling x2  
  115  10:45  Zergling x4, Spore Crawler  
Tags
 
Add a new tag
Caveats
  • Supply blocks, unpowered buildings, or Contaminate may cause inaccurate times.
  • Supply counts are checked every 10 seconds.